Map: [ESL] Goldenaura

Players

Lambo

  • Race: Zerg Zerg
  • League: Master
  • Spawn Location: 12:00

NAVISpirit (souL) - Winner!

  • Race: Terran Terran
  • League: Master
  • Spawn Location: 5:00

VOD

Have the link to the VOD?

Description

Time

  • Played on: Dec. 28, 2023, 6:41 a.m.
  • Length: 14:06
Show
View Real Time Build Order
Export as new Build Order

Lambo Zerg 

Build Orders: Hatch First, Ravager All-In 

Get SALT Encoding   

  12  0:00  Drone  
  13  0:13  Overlord  
  13  0:18  Drone  
  14  0:31  Drone x2  
  16  0:48  Hatchery  
  15  0:51  Drone  
  15  0:55  Drone  
  17  0:58  Drone  
  18  1:09  Extractor  
  17  1:13  Spawning Pool  
  17  1:17  Drone  
  17  1:20  Drone  
  18  1:28  Drone  
  19  1:39  Drone  
  20  1:50  Drone  
  21  2:00  Queen  
  21  2:01  Zergling x4  
  27  2:05  Spine Crawler  
  26  2:12  Roach Warren  
  25  2:21  Drone  
  26  2:23  Overlord, Extractor  
  25  2:36  Zergling x6  
  26  2:44  Queen, Overlord  
  29  3:03  Roach x2  
  33  3:07  Overlord  
  33  3:08  Roach x2  
  37  3:22  Overlord  
  37  3:23  Ravager  
  37  3:25  Ravager  
  39  3:28  Ravager  
  39  3:31  Ravager  
  41  3:40  Drone  
  41  3:41  Drone  
  43  3:48  Metabolic Boost  
  43  3:54  Queen  
  45  3:57  Roach  
  47  4:08  Roach  
  47  4:09  Overlord  
  49  4:14  Roach  
  51  4:22  Ravager  
  51  4:23  Zergling x4  
  54  4:28  Zergling x2  
  55  4:40  Ravager  
  55  4:43  Hatchery  
  55  4:46  Zergling x2  
  55  4:48  Ravager  
  55  4:52  Roach  
  59  5:02  Zergling x4  
  59  5:03  Zergling x2  
  62  5:11  Overlord  
  62  5:15  Overlord  
  62  5:21  Overlord  
  62  5:39  Roach x2  
  66  5:43  Zergling x4  
  66  5:48  Zergling x2  
  66  5:49  Ravager  
  70  5:55  Roach  
  72  6:00  Zergling x2  
  72  6:02  Zergling x6  
  72  6:03  Ravager  
  77  6:11  Zergling x2  
  77  6:14  Zergling x2  
  75  6:23  Drone x2  
  70  6:28  Drone x3  
  70  6:32  Drone  
  62  6:39  Drone x2  
  57  6:42  Drone  
  47  6:48  Lair  
  47  6:51  Drone  
  47  6:53  Drone  
  49  7:00  Drone x3  
  52  7:07  Spore Crawler  
  51  7:10  Drone, Spore Crawler  
  51  7:11  Drone  
  51  7:13  Drone  
  51  7:15  Drone  
  54  7:21  Queen  
  56  7:24  Drone  
  56  7:25  Drone  
  56  7:27  Drone  
  59  7:30  Drone x2  
  59  7:51  Queen  
  59  7:57  Queen  
  61  8:01  Spire  
  61  8:03  Drone x2  
  57  8:07  Drone x3  
  57  8:10  Drone  
  57  8:11  Drone  
  61  8:13  Drone  
  62  8:25  Hatchery  
  62  8:27  Drone, Queen  
  62  8:29  Overseer, Extractor  
  62  8:30  Extractor  
  62  8:31  Ravager x2  
  62  8:34  Drone  
  65  8:37  Drone x3  
  65  8:40  Drone  
  69  8:45  Drone  
  69  8:46  Drone x2  
  69  8:48  Drone  
  73  8:49  Drone  
  73  8:51  Drone  
  75  9:01  Overlord  
  75  9:06  Drone x5  
  75  9:08  Evolution Chamber  
  75  9:09  Evolution Chamber  
  75  9:28  Mutalisk x4  
  79  9:33  Mutalisk x2  
  79  9:35  Drone  
  79  9:37  Drone  
  84  9:41  Mutalisk  
  84  9:43  Drone  
  87  9:45  Drone  
  87  9:49  Drone x2  
  87  9:52  Drone  
  90  9:53  Extractor  
  90  9:54  Extractor  
  90  9:55  Glial Reconstitution  
  90  9:57  Drone  
  89  10:00  Drone x2  
  89  10:01  Drone  
  89  10:05  Zerg Ground Armor Level 1  
  89  10:06  Drone  
  93  10:09  Drone x2  
  93  10:13  Zerg Missile Weapons Level 1  
  95  10:14  Drone x2  
  97  10:22  Overlord  
  97  10:25  Overlord  
  97  10:26  Overlord x2  
  97  10:29  Overlord  
  97  10:31  Overlord  
  97  10:40  Overlord  
  97  10:44  Roach x6  
  97  10:48  Roach  
  111  11:03  Roach x7  
  125  11:10  Roach  
  125  11:19  Roach x8  
  125  11:23  Ravager  
  125  11:24  Ravager  
  149  11:25  Roach x3  
  148  11:36  Roach x3  
  151  11:40  Roach x2  
  151  11:44  Roach  
  153  11:49  Overlord  
  153  11:50  Overlord  
  153  11:52  Overlord x3, Ravager  
  154  11:57  Overlord  
  154  12:00  Overlord  
  154  12:05  Roach x3  
  154  12:08  Ravager x2  
  146  12:09  Ravager x2  
  146  12:10  Roach  
  146  12:11  Ravager  
  146  12:12  Ravager  
  146  12:13  Roach  
  154  12:18  Ravager  
  154  12:19  Roach x3  
  161  12:25  Roach x4  
  161  12:27  Ravager  
  161  12:28  Roach  
  172  12:36  Roach x4  
  158  12:38  Roach  
  158  12:39  Roach  
  158  12:43  Roach x2  
  159  12:45  Roach  
  159  12:47  Ravager  
  159  12:49  Ravager  
  159  12:50  Roach  
  165  12:55  Roach x3  
  165  12:58  Roach x2  
  175  13:02  Ravager  
  175  13:03  Roach  
  178  13:08  Roach x3  
  190  13:12  Roach  
  190  13:13  Roach x2  
  190  13:16  Ravager  
  193  13:20  Roach  
  193  13:23  Roach x3  
  192  13:44  Ravager  
Show
View Real Time Build Order
Export as new Build Order

NAVISpirit Terran - Winner!

Build Orders:  

Get SALT Encoding   

  12  0:00  SCV  
  13  0:15  Supply Depot  
  13  0:19  SCV  
  14  0:38  Barracks  
  14  0:50  Barracks  
  14  1:03  Barracks  
  14  1:07  SCV  
  15  1:25  Marine  
  16  1:26  Orbital Command  
  16  1:37  Marine  
  17  1:44  Marine  
  17  1:45  Supply Depot  
  18  1:50  Marine  
  19  1:55  Marine  
  20  2:02  Marine  
  20  2:07  Bunker  
  21  2:12  Marine  
  21  2:13  Marine  
  23  2:19  SCV  
  24  2:24  Refinery  
  24  2:31  SCV, Refinery  
  25  2:43  SCV  
  26  2:50  Bunker  
  26  2:55  SCV  
  27  3:00  Barracks Tech Lab  
  27  3:03  Barracks Tech Lab  
  27  3:07  SCV  
  28  3:13  Supply Depot  
  29  3:21  Concussive Shells, Marauder  
  29  3:25  Marine  
  31  3:34  SCV  
  31  3:35  Marauder  
  34  3:45  Factory  
  34  3:52  SCV  
  34  3:54  Marauder  
  37  3:58  Marauder  
  37  3:59  Supply Depot  
  39  4:07  SCV  
  39  4:20  Marine  
  41  4:29  Starport, Factory Tech Lab  
  41  4:45  Command Center  
  41  4:48  SCV  
  41  4:55  Supply Depot  
  41  5:00  SCV  
  42  5:12  SCV  
  42  5:14  Banshee  
  46  5:22  Fusion Core  
  46  5:24  SCV  
  46  5:28  Hellion  
  49  5:30  Supply Depot  
  49  5:37  SCV  
  50  5:49  SCV  
  51  5:58  Command Center  
  51  6:01  SCV  
  54  6:22  SCV  
  49  6:32  Battlecruiser  
  44  6:34  SCV  
  37  6:46  SCV  
  35  6:54  Supply Depot, Orbital Command  
  35  6:58  SCV  
  36  7:10  Orbital Command, SCV  
  37  7:20  SCV  
  37  7:22  SCV  
  39  7:30  Barracks Tech Lab, Barracks Reactor  
  39  7:32  SCV  
  39  7:34  SCV  
  39  7:36  SCV  
  43  7:44  SCV  
  43  7:46  SCV  
  50  7:52  SCV  
  50  7:56  SCV  
  52  7:58  SCV  
  52  8:04  SCV  
  54  8:07  Marine  
  54  8:08  SCV  
  54  8:11  SCV, Marine  
  58  8:12  Stimpack  
  58  8:14  Marine, Refinery  
  58  8:15  Supply Depot, Refinery  
  58  8:16  SCV  
  58  8:19  Supply Depot  
  60  8:20  SCV  
  60  8:23  SCV  
  60  8:25  Marine  
  60  8:26  Factory Reactor  
  63  8:28  SCV, Barracks  
  63  8:29  Marine  
  63  8:32  SCV, Marine  
  67  8:35  SCV  
  67  8:40  SCV  
  69  8:43  Marine  
  69  8:46  SCV, Engineering Bay, Barracks  
  69  8:47  SCV, Engineering Bay, Barracks  
  66  8:51  Starport Reactor  
  66  8:53  Orbital Command  
  67  8:55  Marine  
  67  8:57  Marine  
  67  8:58  SCV  
  67  8:59  SCV  
  67  9:01  Marine  
  67  9:02  Supply Depot  
  71  9:10  SCV  
  71  9:11  SCV  
  71  9:13  Marine  
  71  9:15  Marine x2  
  76  9:19  Terran Infantry Weapons Level 1, Marine, Terran Infantry Armor Level 1  
  76  9:22  SCV x2  
  76  9:23  SCV  
  80  9:34  SCV x2  
  80  9:35  SCV, Barracks Reactor x3  
  80  9:37  Marine x2  
  85  9:39  Missile Turret  
  85  9:40  Missile Turret  
  85  9:41  Missile Turret  
  85  9:45  Marine  
  85  9:52  Combat Shield, Bunker  
  87  9:54  Medivac  
  87  9:55  Marine x2  
  87  9:56  Medivac  
  93  10:03  Marine, Widow Mine  
  93  10:04  Widow Mine  
  97  10:09  Supply Depot x2  
  97  10:11  Supply Depot, SCV  
  98  10:14  SCV  
  98  10:17  Marine  
  100  10:24  Medivac  
  100  10:26  Supply Depot, Medivac  
  104  10:30  Widow Mine  
  104  10:31  Marine x5, Marauder, Widow Mine  
  104  10:33  Marine x2  
  104  10:35  Marine  
  118  10:45  Supply Depot  
  118  10:48  Supply Depot  
  118  10:49  Marine x3  
  121  10:50  Marine x2  
  121  10:54  Armory, Medivac  
  121  10:56  Supply Depot, Medivac  
  127  11:01  Supply Depot, Marine, Marauder  
  130  11:04  Marine  
  130  11:10  Marine  
  132  11:11  Marine  
  132  11:12  Marine x4  
  133  11:19  Marine  
  133  11:22  Marine x2  
  133  11:24  Siege Tank, Medivac  
  140  11:28  Supply Depot, Marine  
  140  11:29  Marine  
  140  11:31  Supply Depot  
  140  11:33  Marine  
  140  11:34  Marine  
  140  11:37  Marine x3  
  145  11:40  Marine  
  145  11:42  Marine  
  145  11:46  Marine  
  146  11:50  Marine  
  147  11:55  Marine x4  
  147  12:00  Siege Tank  
  154  12:07  Marine x2, Medivac x2  
  157  12:09  Marine  
  157  12:10  Marine x2  
  160  12:17  Marine  
  160  12:20  Marine  
  162  12:25  Marine  
  162  12:30  Supply Depot  
  162  12:32  Supply Depot  
  162  12:33  Siege Tank  
  162  12:35  Marine  
  149  12:37  Marine  
  149  12:38  Marine  
  149  12:41  Marine  
  144  12:45  Medivac x2  
  144  12:50  Refinery  
  148  12:51  Command Center  
  148  12:53  Sensor Tower  
  148  12:54  Refinery  
  148  12:57  Marine x3, Marauder  
  148  12:58  Marine  
  153  13:00  SCV  
  153  13:04  SCV x2, Marine  
  158  13:09  Marine  
  158  13:10  Marine x2  
  158  13:12  SCV  
  160  13:14  Marine  
  160  13:15  Marine x2  
  160  13:16  SCV, Marine  
  160  13:18  Marauder  
  167  13:20  Siege Tank  
  167  13:22  Marine  
  167  13:26  Supply Depot  
  171  13:27  Marine x3  
  171  13:28  Supply Depot  
  171  13:32  Marine x3  
  177  13:38  Marine  
  177  13:40  Marine, Marauder  
  179  13:45  Marine x3  
  182  13:53  Supply Depot  
  186  13:55  Factory  
Tags
 
Add a new tag
Caveats
  • Supply blocks, unpowered buildings, or Contaminate may cause inaccurate times.
  • Supply counts are checked every 10 seconds.